 Dungeon Crawl Stone Soup version 0.20.0-15-g7f486f2 (webtiles) character file.

60 KleinerIrrer the Skirmisher (level 3, 0/31 HPs)
             Began as a Demigod Fighter on June 27, 2017.
             Splashed by Ijyb's acid (11 damage)
             ... on level 2 of the Dungeon.
             The game lasted 00:03:29 (1560 turns).

KleinerIrrer the Skirmisher (Demigod Fighter)       Turns: 1560, Time: 00:03:33

Health: 0/31       AC:  4    Str: 21    XL:     3   Next: 55%
Magic:  0/14       EV:  7    Int: 12    God:
Gold:   49         SH:  9    Dex: 15    Spells: 2/2 levels left

rFire    . . .     SeeInvis .   a - +0 flail
rCold    . . .     Gourm    .   c - +0 shield
rNeg     . . .     Faith    .   b - +0 scale mail
rPois    .         Spirit   +   (no helmet)
rElec    .         Reflect  .   (no cloak)
rCorr    .         Harm     .   k - +1 pair of gloves
MR       .....                  (no boots)
Stlth    ..........             m - amulet of guardian spirit
Regen    0.1/turn               i - ring of magical power
MPRegen  0.2/turn               (no ring)

@: corroded
A: high mp 1
a: no special abilities


You were on level 2 of the Dungeon.
You were not hungry.

You visited 1 branch of the dungeon, and saw 2 of its levels.

You collected 49 gold pieces.

Inventory:

Hand Weapons
 a - a +0 flail (weapon)
Armour
 b - a +0 scale mail (worn)
 c - a +0 shield (worn)
 k - a +1 pair of gloves (worn)
Jewellery
 i - a ring of magical power (left hand)
 m - an amulet of guardian spirit (around neck)
Scrolls
 e - 4 scrolls of teleportation
 h - a scroll of fear {unknown}
 l - a scroll of identify {unknown}
 p - 3 scrolls of remove curse
Potions
 d - a potion of might
 n - a potion of heal wounds {unknown}
Comestibles
 f - 2 bread rations
 g - 5 chunks of flesh
 j - 2 meat rations
 o - a royal jelly
 q - a fruit


   Skills:
 + Level 3.1 Fighting
 + Level 2.8 Maces & Flails
 + Level 3.0 Armour
 + Level 0.1 Dodging
 + Level 3.0 Shields


You had 2 spell levels left.
You didn't know any spells.

Dungeon Overview and Level Annotations

Branches:
Dungeon (2/15)

Annotations:
D:2 Ijyb


Innate Abilities, Weirdness & Mutations

You have an increased reservoir of magic. (+10% MP)


Message History

The goblin shouts!
You hit the goblin.
You kill the goblin!
You closely miss the goblin. You block the goblin's attack.
The goblin barely misses you.
You closely miss the goblin. You block the goblin's attack.
Your shield and scale mail prevent you from hitting Ijyb.
The goblin hits you but does no damage. x2; Ijyb hits you but does no damage.
You block the goblin's attack.
You closely miss Ijyb.
Ijyb zaps a wand.
The bolt of acid hits you!
You are splashed with acid!
The acid burns!
It is a wand of acid (?/15).
The goblin hits you but does no damage. You block the goblin's attack.
The goblin barely misses you.
You hit Ijyb.
Ijyb is moderately wounded.
Ijyb hits you but does no damage. You block the goblin's attack.
The goblin hits you but does no damage. x2; Ijyb zaps a wand.
The bolt of acid hits you! The acid corrodes you!
You are splashed with acid!
The acid burns!
You die...

###.# #.......#
#...# #...#####
#.### #### #<.##
#.# #...##..### #.#
#......# #.#
##...#.# #.#
#...#.# #.# ###
#########.###.##
#.# ##.#
8.8.8.8@g## #..#
#.###..# .....gggg#
##.# .......#
.......g[# #.#####
.......# .........#
#.....# .......#
.........# #.....#
.......# .........#
#..⌠..# .......#
8.8.8.8..# #....)#
.......############
#.....#
.....#.#..........#
#.....#


You could see Ijyb and 5 goblins.

Vanquished Creatures
  A worm (D:2)
  3 dart slugs
  2 leopard geckos (D:1)
  3 giant cockroaches
  6 goblins
  4 hobgoblins
  3 jackals (D:1)
  A quokka (D:2)
  2 ball pythons (D:2)
  3 bats (D:2)
  4 frilled lizards
  5 kobolds
  14 rats
51 creatures vanquished.

Notes
Turn   | Place    | Note
-------+----------+-------------------------------------------
     0 | D:1      | KleinerIrrer the Demigod Fighter began the quest for the Orb.
     0 | D:1      | Reached XP level 1. HP: 18/18 MP: 3/3
   132 | D:1      | Reached XP level 2. HP: 23/26 MP: 4/4
   854 | D:1      | Reached XP level 3. HP: 31/31 MP: 5/5
   999 | D:2      | Found a shattered altar of Ashenzari.
  1002 | D:2      | Found a hide-covered altar of Uskayaw.
  1005 | D:2      | Found an opulent altar of Gozag.
  1237 | D:2      | Found a hazy altar of Hepliaklqana.
  1554 | D:2      | Noticed Ijyb
  1560 | D:2      | Splashed by Ijyb's acid

Skill      XL: |  1  2  3 |
---------------+----------+-----
Maces & Flails | 2 |  2.8
Fighting       | 3 |  3.1
Armour         | 3 |  3.0
Shields        | 3 |  3.0
Dodging        | |  0.1

Action                   || total
-------------------------++-------
Melee: Flail             ||   141
  Use: Scroll            ||     4
  Eat: Chunk             ||     2
Armor: Scale mail        ||    68
Dodge: Dodged            ||    44
Block: Shield            ||    78
